AoeStats
← T R A B U C O

Black Forest

504825743Analyzed
4v4 RM · 27d ago on Sep 6, 2026· 45m 10s· 8 players
Game mode
Random Map
Map size
Large (8 player)
Population
200
Speed
Normal
Resources
Standard
Victory
Conquest
Starting age
Dark Age
Ending age
Imperial Age
RankedLock teamsTeams togetherTeam positionsShared explorationLock speedFull tech treeHidden civsTurbo modeCheats
Victory
Defeat
🇺🇸 Ethiopians · United States
1345
+13
🇺🇸 Bengalis · United States
1345
+13
🇨🇦 Lithuanians · Canada
1304
+15
🇺🇸 Britons · United States
1302
+15
🇧🇷 Spanish · Brazil
1364
-16
🇧🇷 Khmer · Brazil
1298
-14
🇧🇷 Celts · Brazil
1247
-13
🇺🇸 Malay · United States
1245
-13
CMD_Zurac
1:26 Loom
13:55 Feudal Age
17:18 Castle Age
15:31 Double-Bit Axe
15:27 Horse Collar
21:10 Wheelbarrow
21:12 Fletching
21:37 Bow Saw
22:23 Bodkin Arrow
27:25 Imperial Age
25:36 Gold Mining
26:48 Ballistics
27:24 Padded Archer Armor
29:50 Chemistry
30:49 Bracer
33:13 Leather Archer Armor
32:21 Crossbowman
33:14 Arbalester
35:28 Gold Shaft Mining
35:46 Stone Mining
40:39 Two-Man Saw
40:19 Pikeman
43:45 Yeomen
43:42 Capped Ram
NoobProElite
10:44 Feudal Age
11:37 Horse Collar
11:44 Double-Bit Axe
11:44 Fishing Lines
13:11 Loom
15:16 Wheelbarrow
17:39 Castle Age
19:30 Heavy Plow
19:52 Bow Saw
21:58 Hand Cart
22:04 Gillnets
23:34 Gold Mining
23:34 Stone Mining
25:59 Gold Shaft Mining
25:50 Town Watch
26:53 Fletching
27:04 Padded Archer Armor
28:15 Ballistics
27:36 Treadmill Crane
28:06 Masonry
27:52 Murder Holes
27:55 Bodkin Arrow
31:51 Imperial Age
30:46 Caravan
31:22 Leather Archer Armor
31:13 Scale Barding Armor
31:19 Forging
31:25 Bloodlines
31:16 Husbandry
33:15 Siege Elephant
33:38 Elite Elephant Archer
34:49 Conscription
34:58 Bracer
35:29 Ring Archer Armor
35:58 Crop Rotation
36:31 Two-Man Saw
37:51 Chemistry
36:58 Siege Engineers
37:03 Paiks
37:41 Light Cavalry
38:42 Chain Barding Armor
38:58 Iron Casting
38:57 Architecture
41:09 Fortified Wall
42:55 Plate Barding Armor
43:21 Blast Furnace
45:18 Guilds
TestofOne
1:16 Loom
10:53 Feudal Age
17:02 Castle Age
17:39 Fletching
17:39 Double-Bit Axe
19:16 Horse Collar
21:03 Fishing Lines
28:32 Wheelbarrow
28:16 Bow Saw
28:19 Heavy Plow
31:03 Ballistics
35:21 Imperial Age
32:57 Padded Archer Armor
33:12 Squires
33:46 Hand Cart
33:46 Bodkin Arrow
33:12 Crossbowman
33:49 Town Watch
34:58 Masonry
34:57 Scale Mail Armor
35:07 Forging
35:17 Thumb Ring
36:26 Chain Mail Armor
36:02 Arbalester
36:44 Bracer
37:13 Conscription
38:29 Chemistry
37:53 Royal Heirs
38:54 Leather Archer Armor
38:42 Gold Mining
38:43 Stone Mining
39:07 Elite Shotel Warrior
43:43 Halberdier
44:39 Onager
跟我念撒女内
6:15 Loom
11:19 Feudal Age
15:08 Castle Age
15:53 Double-Bit Axe
15:50 Horse Collar
20:39 Town Watch
30:26 Imperial Age
28:35 Wheelbarrow
30:35 Scale Barding Armor
30:41 Forging
31:52 Hand Cart
32:26 Chain Barding Armor
32:37 Conscription
33:00 Iron Casting
32:30 Gold Mining
33:17 Heavy Plow
33:30 Bow Saw
33:43 Bloodlines
33:33 Husbandry
35:46 Crop Rotation
36:05 Plate Barding Armor
35:35 Elite Leitis
41:04 Two-Man Saw
Dv Praim
9:41 Feudal Age
8:53 Man-at-Arms
13:44 Double-Bit Axe
17:00 Horse Collar
21:31 Castle Age
23:49 Bow Saw
25:17 Heavy Plow
26:36 Wheelbarrow
28:46 Gold Mining
28:52 Stone Mining
33:02 Imperial Age
31:17 Gold Shaft Mining
31:32 Husbandry
31:47 Forging
31:42 Scale Barding Armor
33:35 Chemistry
32:41 Siege Engineers
34:40 Iron Casting
35:32 Masonry
35:34 Elite Battle Elephant
37:48 Blast Furnace
HAHA
1:55 Loom
11:56 Feudal Age
15:54 Castle Age
15:53 Double-Bit Axe
15:49 Horse Collar
22:59 Bow Saw
24:40 Town Watch
25:45 Padded Archer Armor
27:38 Fletching
33:28 Imperial Age
35:09 Onager
36:40 Bodkin Arrow
37:00 Leather Archer Armor
37:43 Masonry
37:47 Fortified Wall
T R A B U C O
0:26 Loom
14:23 Feudal Age
18:25 Castle Age
16:39 Double-Bit Axe
17:06 Horse Collar
19:04 Wheelbarrow
26:56 Imperial Age
26:02 Gold Mining
29:04 Conscription
34:33 Bow Saw
37:38 Double Crossbow
38:41 Chemistry
38:03 Ballistics
42:03 Siege Engineers
42:20 Heavy Scorpion
BYD Carburado
2:46 Loom
12:53 Feudal Age
17:48 Castle Age
15:44 Horse Collar
16:48 Double-Bit Axe
21:33 Heavy Plow
23:18 Bow Saw
26:00 Wheelbarrow
27:19 Pikeman
29:19 Gold Mining
33:47 Imperial Age
31:33 Hand Cart
32:10 Scale Mail Armor
32:21 Forging
32:32 Caravan
33:15 Chain Mail Armor
34:52 Iron Casting
34:19 Town Watch
34:05 Halberdier
34:31 Arson
34:33 Gambesons
35:20 Plate Mail Armor
37:42 Blast Furnace
38:13 Conscription
Connection lost

Rejoining the realm…

Still unreachable

The connection could not be restored.

Session expired

The server has moved on; the page needs a fresh start.